AoeStats
← old f1sh

Arabia

509375608Analyzed
4v4 RM · 6d ago on Sep 26, 2026· 45m 12s· 8 players
Game mode
Random Map
Map size
Large (8 player)
Population
200
Speed
Normal
Resources
Standard
Victory
Conquest
Starting age
Dark Age
Ending age
Imperial Age
RankedLock teamsTeams togetherTeam positionsShared explorationLock speedFull tech treeHidden civsTurbo modeCheats
Victory
Defeat
🇭🇰 Tatars · Hong Kong SAR China
1500
+15
🇭🇰 Varangians · Hong Kong SAR China
1488
+15
🇭🇰 Khmer · Hong Kong SAR China
1430
+18
🇭🇰 Saracens · Hong Kong SAR China
1384
+19
🇨🇳 Varangians · China
1551
-20
🇺🇸 Maya · United States
1461
-17
🇨🇳 Ethiopians · China
1453
-16
🇹🇷 Franks · Türkiye
1408
-14
N3mu
0:31 Loom
9:22 Feudal Age
9:58 Double-Bit Axe
13:48 Fletching
23:32 Castle Age
22:44 Padded Archer Armor
24:17 Bodkin Arrow
24:29 Crossbowman
26:48 Bow Saw
28:15 Ballistics
mylove__
6:48 Loom
9:23 Feudal Age
10:09 Double-Bit Axe
16:23 Scale Barding Armor
22:00 Castle Age
20:41 Forging
23:19 Husbandry
old f1sh
6:00 Loom
8:46 Feudal Age
9:37 Double-Bit Axe
19:47 Bloodlines
22:30 Castle Age
20:48 Horse Collar
21:41 Scale Barding Armor
21:59 Forging
22:46 Light Cavalry
23:57 Bow Saw
29:11 Chain Barding Armor
31:42 Husbandry
34:50 Iron Casting
35:52 Wheelbarrow
40:55 Imperial Age
41:12 Cavalier
42:28 Plate Barding Armor
41:18 Vendel Legacy
涅槃重生
6:12 Loom
9:10 Feudal Age
12:32 Fletching
14:30 Padded Archer Armor
23:09 Castle Age
21:07 Double-Bit Axe
22:22 Gold Mining
23:16 Crossbowman
23:53 Bodkin Arrow
24:33 Thumb Ring
25:37 Leather Archer Armor
26:18 Wheelbarrow
26:59 Ballistics
34:17 Imperial Age
31:44 Town Watch
33:57 Hand Cart
34:00 Horse Collar
34:32 Arbalester
36:35 Bracer
38:20 Chemistry
39:03 Ring Archer Armor
40:33 Gold Shaft Mining
Steven S Lee
6:58 Loom
9:14 Feudal Age
9:44 Double-Bit Axe
11:06 Bloodlines
15:21 Forging
15:22 Scale Barding Armor
17:16 Forging
17:44 Horse Collar
19:53 Wheelbarrow
24:26 Castle Age
22:46 Gold Mining
24:21 Stone Mining
25:32 Chain Barding Armor
24:33 Light Cavalry
26:18 Husbandry
28:39 Town Watch
30:23 Vendel Legacy
37:26 Iron Casting
43:12 Imperial Age
41:45 Heavy Plow
41:55 Bow Saw
41:42 Fletching
43:11 Fervor
43:29 Hand Cart
43:17 Cavalier
44:35 Plate Barding Armor
45:15 Masonry
46:25 Blast Furnace
45:50 Conscription
Grrgrag
6:29 Loom
8:49 Feudal Age
9:38 Double-Bit Axe
18:09 Wheelbarrow
22:06 Castle Age
22:28 Fletching
23:24 Bow Saw
23:30 Bow Saw
23:31 Bodkin Arrow
23:37 Padded Archer Armor
27:00 Leather Archer Armor
27:19 Bloodlines
27:12 Husbandry
31:36 Ballistics
34:28 Hand Cart
38:13 Imperial Age
36:26 Gold Mining
36:23 Horse Collar
36:40 Stone Mining
37:58 Gold Shaft Mining
38:56 Bracer
39:58 Chemistry
39:17 Heavy Cavalry Archer
41:12 Murder Holes
41:54 Conscription
42:06 Ring Archer Armor
42:00 Town Watch
41:39 Elite Keshik
42:27 Scale Barding Armor
tomcw
7:07 Loom
9:27 Feudal Age
21:12 Padded Archer Armor
21:41 Fletching
22:53 Double-Bit Axe
28:00 Castle Age
26:08 Gold Mining
26:35 Horse Collar
28:48 Wheelbarrow
28:11 Crossbowman
29:28 Leather Archer Armor
33:29 Thumb Ring
33:22 Bodkin Arrow
34:34 Bow Saw
36:34 Ballistics
36:32 Hand Cart
41:03 Imperial Age
Fred's real son
8:31 Feudal Age
7:38 Loom
9:01 Double-Bit Axe
17:05 Scale Barding Armor
17:33 Bloodlines
20:06 Forging
22:37 Castle Age
21:05 Forging
22:55 Light Cavalry
24:11 Iron Casting
24:36 Bow Saw
28:54 Chain Barding Armor
29:09 Horse Collar
30:51 Wheelbarrow
30:16 Gold Mining
31:06 Husbandry
32:28 Hand Cart
33:21 Hand Cart
33:24 Heavy Plow
33:23 Town Watch
37:02 Imperial Age
36:51 Stone Mining
37:39 Gold Shaft Mining
37:40 Stone Mining
38:41 Plate Barding Armor
38:10 Elite Battle Elephant
42:03 Plate Barding Armor
43:36 Blast Furnace
Connection lost

Rejoining the realm…

Still unreachable

The connection could not be restored.

Session expired

The server has moved on; the page needs a fresh start.